 Dungeon Sprint DCSS version 0.22-a0-608-g8a62e23 (webtiles) character file.

2817 TheOrbIsALie the Impaler (level 9, -4/129 HPs)
             Began as a Merfolk Berserker on July 9, 2018.
             Was a High Priest of Trog.
             Slain by an unseen horror (5 damage)
             ... in the Dungeon (Sprint III: "The Ten Rune Challenge").
             The game lasted 00:04:03 (1429 turns).

TheOrbIsALie the Impaler (Merfolk Berserker)        Turns: 1429, Time: 00:04:04

Health: -4/129     AC:  4    Str: 22    XL:     9   Next: 72%
Magic:  3/3        EV: 20    Int:  7    God:    Trog [*****.]
Gold:   21         SH:  0    Dex: 16    Spells: 8/8 levels left

rFire    . . .     SeeInvis .   q - +2 trident (antimagic)
rCold    + . .     Gourm    .   (no shield)
rNeg     . . .     Faith    .   b - +0 animal skin
rPois    .         Spirit   .   (no helmet)
rElec    .         Reflect  .   (no cloak)
rCorr    .         Harm     .   (no gloves)
MR       .....     NoTele   +   (no boots)
Stlth    ..........             (no amulet)
HPRegen  0.31/turn              (no ring)
MPRegen  0.08/turn              (no ring)

@: berserking, very quick
A: change form in water, swift swim, stealthy swim, slimy green scales 1, cold
resistance 1, deterioration 1, mutation resistance 1
a: Berserk, Trog's Hand, Brothers in Arms, Renounce Religion


You were in the Dungeon.
You worshipped Trog.
Trog was extremely pleased with you.
You were near starving.

You visited 1 branch You collected 21 gold pieces.

Inventory:

Hand Weapons
 a - a +0 spear
 p - a +0 long sword of holy wrath
 q - a +2 antimagic trident (weapon)
Armour
 b - a +0 animal skin (worn)
Wands
 j - a wand of disintegration (13)
Scrolls
 i - a scroll of blinking
 k - a scroll of torment {unknown}
 l - 2 scrolls of identify {unknown}
 m - 3 scrolls of remove curse
 o - a scroll of immolation {unknown}
Potions
 d - a potion of curing
 e - a potion of heal wounds
 f - a potion of haste
 g - 2 potions of magic
 h - a potion of berserk rage
 n - 4 potions of flight
Comestibles
 c - 3 rations


   Skills:
 + Level 13.9 Fighting
 - Level 4.3 Long Blades
 + Level 18.4 Polearms
 + Level 4.0 Armour
 + Level 11.0 Dodging
 + Level 4.9 Stealth


You had 8 spell levels left.
You didn't know any spells.
Your spell library was empty.

Dungeon Overview and Level Annotations

Branches:
Dungeon (1/1)

Altars:
Cheibriados
Dithmenos
Elyvilon
Fedhas
Gozag
Hepliaklqana
Kikubaaqudgha
Makhleb
Nemelex Xobeh
Okawaru
Qazlal
Ru
Sif Muna
Trog
Uskayaw
Vehumet
Wu Jian
Xom
Yredelemnul
Zin
The Shining One
Beogh
Jiyva
Lugonu


Innate Abilities, Weirdness & Mutations

You revert to your normal form in water.
You are very nimble and swift while swimming.
You are very stealthy in the water. (Stealth+)
You are partially covered in slimy green scales. (AC +2)
Your flesh is cold resistant. (rC+)
Your body sometimes deteriorates upon taking damage.
You are somewhat resistant to further mutation.


Message History

You miss something. Something hits you but does no damage.
You barely miss something. Something completely misses you.
Something closely misses you.
You miss something. Something barely misses you.
You closely miss something. Something hits you.
You puncture something! Something barely misses you. Something hits you!
* * * LOW HITPOINT WARNING * * *
Something hits you.
* * * LOW HITPOINT WARNING * * *
You closely miss something. Something barely misses you. Something hits you!
* * * LOW HITPOINT WARNING * * *
You hit something. Something hits you!
* * * LOW HITPOINT WARNING * * *
Something closely misses you.
A red film seems to cover your vision as you go berserk!
You feel yourself moving faster!
You feel mighty!
You are near starving!
Something hits you.
You die...

_# ## .# .# '#
.#+#####################
.#.§§§§§.#.((..'.#.#.#.+
.#.#§§§#§#.#...##{#.#.##
.'.#§§§#§#.#)..#@#.#.#.#
.#.#§§§#...#)..##.#.#.##
▓▓▓▓▓▓▓▓▓▓▓▓▓▓▓#.#.#.#.#
##.#.#.# +.#.#.#.#
##.#.#.## #+#####


There were no monsters in sight!

Vanquished Creatures
  Josephine (D)
  A centaur warrior (D)
  A deep elf mage (D)
  A shadow (D)
  A spatial vortex (D)
  A necrophage (D)
  2 centaurs (D)
  An earth elemental (D)
  A water elemental (D)
  A jelly (D)
  A wizard (D)
  A necromancer (D)
  3 humans (D)
  A kobold demonologist (D)
  A wolf (D)
  An ooze (D)
  3 rats (D)
22 creatures vanquished.

Vanquished Creatures (others)
  2 draconian scorchers (D)
  6 hellions (D)
  A yaktaur (D)
9 creatures vanquished.

Grand Total: 31 creatures vanquished

Notes
Turn   | Place    | Note
-------+----------+-------------------------------------------
     0 | D        | TheOrbIsALie the Merfolk Berserker began the quest for the Orb.
     0 | D        | Reached XP level 1. HP: 18/18 MP: 1/1
     7 | D        | Reached skill level 5 in Polearms
    41 | D        | Reached ** piety under Trog
    44 | D        | Reached XP level 2. HP: 15/25 MP: 2/2
    99 | D        | Killed a hellion
    99 | D        | Killed a hellion
   101 | D        | Killed a hellion
   103 | D        | Killed a hellion
   103 | D        | Killed a hellion
   126 | D        | Killed a yaktaur
   174 | D        | Killed a hellion
   185 | D        | Reached skill level 6 in Polearms
   192 | D        | Reached skill level 5 in Fighting
   192 | D        | Reached skill level 7 in Polearms
   192 | D        | Reached XP level 3. HP: 33/33 MP: 3/3
   194 | D        | Killed a white draconian scorcher
   225 | D        | Gained mutation: You are robust. (+10% HP) [potion of mutation]
   225 | D        | Gained mutation: You have a pair of small antennae on your head. [potion of mutation]
   226 | D        | Lost mutation: You are robust. (+10% HP) [potion of mutation]
   226 | D        | Lost mutation: You have a pair of small antennae on your head. [potion of mutation]
   226 | D        | Gained mutation: You are partially covered in slimy green scales. (AC +2) [potion of mutation]
   226 | D        | Gained mutation: You expend magic power (3 MP) to strengthen your wands. [potion of mutation]
   226 | D        | Gained mutation: You have sharp fingernails. [potion of mutation]
   226 | D        | Gained mutation: You are mostly covered in slimy green scales. (AC +3) [potion of mutation]
   227 | D        | Lost mutation: You expend magic power (3 MP) to strengthen your wands. [potion of mutation]
   227 | D        | Lost mutation: You have sharp fingernails. [potion of mutation]
   227 | D        | Gained mutation: You do not regenerate when monsters are visible. [potion of mutation]
   227 | D        | Gained mutation: Scrolls take you a little longer to read. [potion of mutation]
   227 | D        | Gained mutation: You are agile. (Dex +2) [potion of mutation]
   228 | D        | Lost mutation: You are mostly covered in slimy green scales. (AC +3) [potion of mutation]
   228 | D        | Lost mutation: Scrolls take you a little longer to read. [potion of mutation]
   228 | D        | Lost mutation: You do not regenerate when monsters are visible. [potion of mutation]
   228 | D        | Lost mutation: You are agile. (Dex +2) [potion of mutation]
   228 | D        | Gained mutation: Your body sometimes deteriorates upon taking damage. [potion of mutation]
   228 | D        | Gained mutation: Armour fits poorly on your strangely shaped body. [potion of mutation]
   228 | D        | Gained mutation: Your flesh is cold resistant. (rC+) [potion of mutation]
   229 | D        | Lost mutation: Armour fits poorly on your strangely shaped body. [potion of mutation]
   229 | D        | Lost mutation: Your flesh is cold resistant. (rC+) [potion of mutation]
   229 | D        | Gained mutation: You are somewhat resistant to further mutation. [potion of mutation]
   229 | D        | Gained mutation: Your flesh is cold resistant. (rC+) [potion of mutation]
   240 | D        | Noticed a water elemental
   246 | D        | Killed a water elemental
   246 | D        | Reached *** piety under Trog
   246 | D        | Reached skill level 9 in Polearms
   246 | D        | Reached XP level 4. HP: 41/41 MP: 4/4
   269 | D        | Killed a white draconian scorcher
   285 | D        | Found a radiant altar of Vehumet.
   285 | D        | Found a deep blue altar of Sif Muna.
   285 | D        | Found an ancient bone altar of Kikubaaqudgha.
   285 | D        | Noticed a wizard
   288 | D        | Killed a wizard
   288 | D        | Reached skill level 10 in Polearms
   288 | D        | Reached XP level 5. HP: 48/48 MP: 5/5
   289 | D        | Noticed a ynoxinul
   327 | D        | Found a hide-covered altar of Uskayaw.
   327 | D        | Found a roughly hewn altar of Beogh.
   327 | D        | Found an iron altar of Okawaru.
   327 | D        | Found a bloodstained altar of Trog.
   327 | D        | Found an ornate altar of the Wu Jian Council.
   327 | D        | Noticed a human
   327 | D        | Noticed a human
   335 | D        | Killed a human
   335 | D        | Reached **** piety under Trog
   335 | D        | Reached skill level 12 in Polearms
   335 | D        | Reached skill level 5 in Dodging
   335 | D        | Reached XP level 6. HP: 58/58 MP: 6/6
   355 | D        | Killed a human
   355 | D        | Reached skill level 13 in Polearms
   468 | D        | Found a glowing silver altar of Zin.
   468 | D        | Found a glowing golden altar of the Shining One.
   468 | D        | Found a white marble altar of Elyvilon.
   468 | D        | Noticed a deep elf mage
   477 | D        | Noticed an ice beast
   491 | D        | Killed a deep elf mage
   491 | D        | Reached skill level 15 in Polearms
   491 | D        | Reached skill level 1 in Stealth
   491 | D        | Reached XP level 7. HP: 26/68 MP: 7/7
   678 | D        | Found a basalt altar of Yredelemnul.
   678 | D        | Found a shadowy altar of Dithmenos.
   678 | D        | Found a sacrificial altar of Ru.
   681 | D        | Reached ***** piety under Trog
   681 | D        | Reached XP level 8. HP: 75/75 MP: 8/8
   962 | D        | Noticed a shadow
   970 | D        | Killed a shadow
   970 | D        | Reached skill level 1 in Long Blades
   970 | D        | Reached skill level 16 in Polearms
  1116 | D        | Found a blossoming altar of Fedhas.
  1116 | D        | Found a stormy altar of Qazlal.
  1117 | D        | Found a snail-covered altar of Cheibriados.
  1117 | D        | Found a burning altar of Makhleb.
  1117 | D        | Found a hazy altar of Hepliaklqana.
  1117 | D        | Found a shimmering altar of Xom.
  1117 | D        | Found an opulent altar of Gozag.
  1117 | D        | Found a sparkling altar of Nemelex Xobeh.
  1117 | D        | Found a corrupted altar of Lugonu.
  1117 | D        | Found a viscous altar of Jiyva.
  1143 | D        | Noticed Josephine
  1148 | D        | Killed Josephine
  1148 | D        | Received a gift from Trog
  1148 | D        | Reached skill level 17 in Polearms
  1148 | D        | Reached skill level 10 in Dodging
  1148 | D        | Reached XP level 9. HP: 85/85 MP: 9/9
  1336 | D        | Noticed a centaur warrior
  1348 | D        | Killed a centaur warrior
  1348 | D        | Reached skill level 18 in Polearms
  1428 | D        | HP: 1/86 [something (10)]
  1429 | D        | Slain by an unseen horror

Vault maps used:
D:        dungeon_sprint_mu

Skill      XL: |  1  2  3  4  5  6  7  8  9 |
---------------+----------------------------+-----
Fighting       | 4 5 6 7 9 11 13 | 13.9
Polearms       | 5 7 9 10 12 15 17 18 | 18.4
Dodging        | 3 4 5 8 10 11 | 11.0
Armour         | 2 3 4 |  4.0
Stealth        | 1 3 4 |  4.9
Long Blades    | 3 4 |  4.3

Action                   |  1- 3 |  4- 6 |  7- 9 || total
-------------------------+-------+-------+-------++-------
Melee: Spear             |    31 |    55 |    14 ||   100
       Long sword        |       |       |    21 ||    21
       Tailslap          |       |       |    10 ||    10
       Trident           |       |       |    47 ||    47
Invok: Berserk           |     2 |     3 |     5 ||    10
  Use: Potion            |     5 |       |       ||     5
 Stab: Sleeping          |       |       |     2 ||     2
  Eat: Chunk             |       |     2 |     4 ||     6
       Ration            |       |       |     1 ||     1
Armor: Animal skin       |     1 |     1 |     5 ||     7
Dodge: Dodged            |    11 |    14 |    35 ||    60
       Rpst.: Long sword |       |       |     3 ||     3

Table legend:
 A = Spawn XP
 B = Non-spawn XP
 C = Spawn XP percentage of total XP
 D = Spawn monster count
 E = Non-spawn monster count
 F = Spawn count percentage of total count
 G = Total turns spent on level
                    A         B        C        D         E        F      G
               +---------+---------+-------+---------+---------+-------+---------
         Total |       0 |    4025 |   0.0 |       0 |      22 |   0.0 |  1429
               +---------+---------+-------+---------+---------+-------+---------
             D |       0 |    4025 |   0.0 |       0 |      22 |   0.0 |  1429
               +---------+---------+-------+---------+---------+-------+---------
